 Dungeon Crawl Stone Soup version 0.31-a0-331-geda263fcf1 (webtiles) character file.

Game seed: 1689079891206117225

1171 LeprechaunX the Ruffian (level 8, -1/54 HPs)
             Began as an Octopode Shapeshifter on July 19, 2023.
             Slain by a hound (3 damage)
             ... on level 6 of the Dungeon.
             The game lasted 00:04:58 (5059 turns).

LeprechaunX the Ruffian (Octopode Shapeshifter)     Turns: 5059, Time: 00:04:59

Health: -1/54      AC:  1    Str: 16    XL:     8   Next: 41%
Magic:  8/8        EV: 14    Int: 11    God:
Gold:   251        SH:  0    Dex: 12    Spells: 7/7 levels left

rFire   . .          .
                       - Unarmed
rCold   . . .        (no shield)
rNeg    . . .        (helmet currently unavailable)
rPois   +            (no amulet)
rElec   .            p - ring of poison resistance
rCorr   .            u - ring of see invisible
SInv    +            (no ring)
Will    .....        (no ring)
Stlth   ++           (no ring)
HPRegen 0.29/turn    (no ring)
MPRegen 0.11/turn    (no ring)
                     (no ring)

%: no passive effects
@: beast-form, mesmerised
A: beast (slay +3), almost no armour, amphibious, 8 rings, camouflage 1,
gelatinous body 1, (nimble swimmer 1), tentacles
a: Begin Untransformation


You were on level 6 of the Dungeon.
You were a hulking beast.
You visited 1 branch of the dungeon, and saw 6 of its levels.

You collected 251 gold pieces.

Inventory:

Missiles
 h - 10 poisoned darts
 m - a throwing net (quivered)
 o - 3 boomerangs
Armour
 t - a +0 buckler
Jewellery
 p - a ring of poison resistance (left tentacle)
 u - a ring of see invisible (right tentacle)
Talismans
 b - a beast talisman
Wands
 l - a wand of polymorph (10)
 y - a wand of flame (25)
 A - a wand of roots (9)
Scrolls
 c - a scroll of torment {unknown}
 f - 4 scrolls of blinking {unknown}
 g - a scroll of immolation {unknown}
 i - 5 scrolls of fog {unknown}
 j - a scroll of poison {unknown}
 n - 2 scrolls of teleportation {unknown}
 s - 5 scrolls of identify {unknown}
 w - 2 scrolls of brand weapon {unknown}
 z - a scroll of fear {unknown}
Potions
 a - 4 potions of lignification
 d - 3 potions of heal wounds {unknown}
 e - 2 potions of might {unknown}
 k - 2 potions of curing {unknown}
 q - 2 potions of invisibility {unknown}
 r - a potion of resistance {unknown}
 v - 3 potions of mutation {unknown}
 x - a potion of degeneration {unknown}


   Skills:
 + Level 4.6 Fighting
 + Level 4.7 Dodging
 * Level 6.4 Unarmed Combat
 + Level 4.7 Shapeshifting


You had 7 spell levels left.
You didn't know any spells.
Your spell library contained the following spells:

 Spells                   Type           Power      Damage    Failure   Level
 Magic Dart               Conj           0%         1d3       34%         1
 Call Imp                 Summ           0%         N/A       47%         2
 Ignite Poison            Fire/Tmut/Pois 0%         N/A       71%         3
 Mephitic Cloud           Conj/Pois/Air  0%         N/A       71%         3
 Sticky Flame             Conj/Fire      0%         2d3       98%         4
 Ignition                 Fire           0%         3d3       100%        8


Dungeon Overview and Level Annotations

Branches:
Dungeon (6/15)             Temple (0/1) D:5

Altars:
Elyvilon
Hepliaklqana
Okawaru
Trog
Vehumet

Annotations:
D:6 Maggie


Innate Abilities, Weirdness & Mutations

You are a hulking beast.
Your limbs bulge with bestial killing power. (Slay +3)
You cannot wear most types of armour.
You are amphibious.
You can wear up to eight rings at the same time.
Your skin changes colour to match your surroundings (Stealth+).
Your rubbery body absorbs attacks. (AC +1, EV +1)
((You are camouflaged when in or above water. (Stealth+)))
You have tentacles for arms and can constrict up to eight enemies at once.


Message History

Maggie the Vainglorious comes into view.
She is wielding a +0 broad axe.
The orc priest looks braver for a moment.
The hound misses you.
Maggie shouts!
You bludgeon the orc wizard! You squeeze the orc wizard!
You kill the orc wizard!
The hound barely misses you.
You bump into the rock wall.
The hound bites you but does no damage. The black bear misses you.
The black bear barely misses you. The black bear claws you.
The orc hits you from afar with a +0 trident.
A shadow comes into view.
The hound barely misses you.
You miss the black bear.
You feel less confused. The hound misses you.
Maggie mumbles some strange words.
Maggie attempts to bespell you!
You are mesmerised by Maggie!
The black bear completely misses you. The black bear barely misses you.
The black bear claws you. The orc closely misses you.
You hear an angry hiss.
The orc wizard shouts!
You bludgeon the black bear! You grab the black bear.
You squeeze the black bear.
The black bear is heavily wounded.
You constrict the black bear. The hound bites you. The black bear bites you.
The black bear misses you. The black bear claws you.
* * * LOW HITPOINT WARNING * * *
The orc hits you from afar with a +0 trident!
* * * LOW HITPOINT WARNING * * *
The orc wizard gestures wildly while chanting.
The orc wizard flickers and vanishes for a moment.
The shadow slips into darkness.
The shadow flickers and vanishes for a moment.
You barely miss the hound. You grab the hound. You constrict the hound.
You constrict the black bear. The hound bites you.
* * * LOW HITPOINT WARNING * * *
The hound bites you.
You die...

..#........#
##.#.#####.## #
#..........# #.
#......###.# #..
#......###.# #...
#..........# .....
#..[.......#
#....o###.........##
#.$..ohhhh........#
#....o####....#...#
...5. #....#.###
...@ #....#.# .W.
#####..# .o .## . ##


You could see Maggie (mesmerising), a black bear, a lemure, a shadow
(invisible), 2 hounds, an orc priest, an orc wizard (invisible) and 2 orcs.

Vanquished Creatures
  Menkaure (D:4)
  A black bear (D:5)
  An ogre (D:4)
  A phantom (D:5)
  A scorpion (D:5)
  2 howler monkeys (D:5)
  4 hounds
  2 jellies (D:5)
  An orc priest (D:6)
  4 iguanas
  4 orc wizards
  7 adders
  5 gnolls
  A shadow imp (D:5)
  An ufetubus (D:5)
  A worm (D:3)
  3 dart slugs
  13 orcs
  8 bats
  14 endoplasms
  7 giant cockroaches
  8 goblins
  6 hobgoblins
  4 jackals (D:1)
  2 quokkas
  14 ball pythons
  2 frilled lizards
  5 kobolds
  7 rats
130 creatures vanquished.

Notes
Turn   | Place    | Note
-------+----------+-------------------------------------------
     0 | D:1      | LeprechaunX the Octopode Shapeshifter began the quest for
                  | the Orb.
     0 | D:1      | Reached XP level 1. HP: 14/14 MP: 1/1
    92 | D:1      | Reached XP level 2. HP: 16/19 MP: 2/2
   394 | D:1      | Reached XP level 3. HP: 21/24 MP: 3/3
   828 | D:2      | Reached skill level 3 in Unarmed Combat
   829 | D:2      | Reached XP level 4. HP: 27/30 MP: 4/4
  1239 | D:2      | Reached XP level 5. HP: 36/36 MP: 5/5
  2571 | D:4      | Noticed an ogre
  2584 | D:4      | Found a radiant altar of Vehumet.
  2701 | D:4      | Reached skill level 4 in Unarmed Combat
  2707 | D:4      | HP: 1/36 [ball python (1)]
  2709 | D:4      | Reached XP level 6. HP: 1/42 MP: 6/6
  3469 | D:4      | Noticed Menkaure
  3475 | D:4      | Killed Menkaure
  3476 | D:4      | Reached skill level 5 in Unarmed Combat
  3476 | D:4      | Reached XP level 7. HP: 26/47 MP: 7/7
  3755 | D:5      | Entered Level 5 of the Dungeon
  3758 | D:5      | Found a bloodstained altar of Trog.
  3761 | D:5      | Found a white marble altar of Elyvilon.
  4329 | D:5      | Reached XP level 8. HP: 54/54 MP: 8/8
  4399 | D:5      | Found a staircase to the Ecumenical Temple.
  4459 | D:5      | Reached skill level 6 in Unarmed Combat
  4571 | D:5      | Found a hazy altar of Hepliaklqana.
  4999 | D:6      | Found an iron altar of Okawaru.
  5054 | D:6      | Noticed Maggie
  5056 | D:6      | Noticed a shadow
  5059 | D:6      | HP: 2/54 [hound (2)]
  5059 | D:6      | Slain by a hound

Illustrated notes

Levels and vault maps discovered:
D:1:      minmay_arrival_solitary_statue, layout_loops_cross, minmay_tall_x
D:2:      minmay_skewed_foursquare, layout_basic
D:3:      minmay_bubble_buster, layout_basic, serial_co_window_serial,
          co_window_paths_a, co_window_corner_a, co_window_of_opportunity_a,
          co_window_corner_a, co_window_of_opportunity_a,
          co_window_of_opportunity_b, co_window_broadway_a,
          co_window_unsneaky_path_c, co_window_sun, glass_columns_a,
          glass_columns_b, glass_columns_b, glass_columns_a, glass_columns_c
D:4:      layout_basic, fiery_altar_vehumet, uniq_menkaure
D:5:      layout_layer_cave, worldfamousw_hep_ancestral_shrine,
          mainiacjoe_overflow_catch_the_wave, minmay_temple_entry_from_below_b
D:6:      layout_basic, okawaru_metal_pillars_3, serial_shops,
          nicolae_shop_tiny_waterfront, uniq_maggie, uniq_pikel

Skill      XL: |  1  2  3  4  5  6  7  8 |
---------------+-------------------------+-----
Unarmed Combat | 3 4 5 6 |  6.4
Dodging        | 3 4 |  4.7
Fighting       | 3 4 |  4.6
Shapeshifting  | 4 |  4.7

Action                     |  1- 3 |  4- 6 |  7- 9 || total
---------------------------+-------+-------+-------++-------
  Melee: Unarmed           |    71 |   118 |    73 ||   262
         Constrict         |    16 |    33 |    21 ||    70
         Tentacles         |    10 |    25 |    15 ||    50
         Punch             |       |     2 |     4 ||     6
  Throw: Throwing net      |       |     1 |       ||     1
   Stab: Distracted        |     1 |     1 |       ||     2
         Sleeping          |     2 |     6 |     2 ||    10
 Armour: Skin              |     6 |     7 |     6 ||    19
  Dodge: Dodged            |    48 |    61 |    43 ||   152

Table legend: (Time is in decaauts)
 A = Elapsed time spent in this place.
 B = Non-inter-level travel time spent in this place.
 C = Inter-level travel time spent in this place.
 D = Time resting spent in this place.
 E = Time spent auto-exploring this place.
 F = Levels seen in this place.
 G = Mean time per level.
                   A        B        C        D        E       F      G
               +--------+--------+--------+--------+--------+-----+--------+
         Total |   5037 |   4768 |    269 |    343 |   3750 |   6 |  839.5 |
       Dungeon |   5037 |   4768 |    269 |    343 |   3750 |   6 |  839.5 |
               +--------+--------+--------+--------+--------+-----+--------+

Top non-repeatable levels by time:
     D:5: 1216 daAuts
     D:4: 1163 daAuts
     D:3: 1073 daAuts
     D:2: 777 daAuts
     D:1: 727 daAuts
     D:6: 80 daAuts
